 Dungeon Crawl Stone Soup version 0.26-a0-651-gb41185065b (webtiles) character file.

Game seed: 2776899956266034685

239 Irenicus the Geomancer (level 5, -1/42 HPs)
             Began as a Deep Dwarf Earth Elementalist on Oct 23, 2020.
             Slain by Crazy Yiuf
             ... wielding a +4 quarterstaff of chaos
              (17 damage)
             ... while paralysed by Crazy Yiuf
             ... on level 2 of the Dungeon.
             The game lasted 00:04:58 (746 turns).

Irenicus the Geomancer (DDEE)                        Turns: 746, Time: 00:04:59

Health: -1/42      AC:  2    Str: 11    XL:     5   Next: 79%
Magic:  0/7        EV:  2    Int: 17    God:
Gold:   30         SH:  0    Dex: 13    Spells: 6/7 levels left

rFire    . . .     SeeInvis .   a - +0 club
rCold    . . .     Faith    .   (no shield)
rNeg     . . .     Spirit   .   c - +0 robe
rPois    .         Reflect  .   (no helmet)
rElec    .         Harm     .   (no cloak)
rCorr    .         Rampage  .   (no gloves)
MR       .....                  (no boots)
Stlth    ++........             (no amulet)
HPRegen  0.00/turn              (no ring)
MPRegen  0.10/turn              (no ring)

@: paralysed, lethally poisoned (-1 -> -1), stab, non-regenerating
A: damage resistance, heal wounds, sense surroundings 1, no regeneration
a: Heal Wounds


You were on level 2 of the Dungeon.
You visited 1 branch of the dungeon, and saw 2 of its levels.

You collected 30 gold pieces.

Inventory:

Hand Weapons
 a - a +0 club (weapon)
   (You found it on level 1 of the Dungeon)
Armour
 c - a +0 robe (worn)
Scrolls
 e - a scroll of noise {unknown}
 g - a scroll of identify {unknown}
Potions
 d - a potion of brilliance
 f - a potion of stabbing


   Skills:
 - Level 2.1 Dodging
 - Level 2.4 Stealth
 - Level 1.7 Spellcasting
   Level 0.8 Transmutations
 + Level 8.7 Earth Magic


You had 6 spell levels left.
You knew the following spells:

 Your Spells              Type           Power        Failure   Level
a - Sandblast             Erth           ####..       1%          1

Your spell library contained the following spells:

 Spells                   Type           Power        Failure   Level
 Passwall                 Tmut/Erth      ###.....     4%          2
 Stone Arrow              Conj/Erth      ###...       10%         3
 Lee's Rapid Deconstruct  Erth           ####......   16%         5
 Petrify                  Tmut/Erth      ###.....     28%         4


Dungeon Overview and Level Annotations

Branches:
Dungeon (2/15)

Altars:

Annotations:
D:2 Crazy Yiuf


Innate Abilities, Weirdness & Mutations

You are resistant to damage.
You can heal yourself by infusing magical energy.
You passively map a small area around you.
You do not regenerate.


Message History

Casting: Sandblast (safe; 1% risk of failure)
Confirm with . or Enter, or press ? or * to list all spells.
Aiming: Sandblast (safe; 1% risk of failure)
Press: ? - help, Shift-Dir - straight line, f - Crazy Yiuf
Aim: Crazy Yiuf, wielding a +4 quarterstaff of chaos and wearing a +0 cloak The blast of sand hits Crazy Yiuf!
Crazy Yiuf is severely wounded.
b - 3 stones Crazy Yiuf screams, "Spliff meccalolo wrapper!"
Crazy Yiuf closely misses you.
You now have 3/7 mp.
Casting: Sandblast (safe; 1% risk of failure)
Confirm with . or Enter, or press ? or * to list all spells.
Aiming: Sandblast (safe; 1% risk of failure)
Press: ? - help, Shift-Dir - straight line, f/p - Crazy Yiuf
Aim: Crazy Yiuf, wielding a +4 quarterstaff of chaos and wearing a +0 cloak (severely wounded)
The blast of sand misses Crazy Yiuf.
b - 2 stones Crazy Yiuf drinks a potion.
Crazy Yiuf is healed!
You now have 2/7 mp.
Casting: Sandblast (safe; 1% risk of failure)
Confirm with . or Enter, or press ? or * to list all spells.
Aiming: Sandblast (safe; 1% risk of failure)
Press: ? - help, Shift-Dir - straight line, f/p - Crazy Yiuf
Aim: Crazy Yiuf, wielding a +4 quarterstaff of chaos and wearing a +0 cloak (moderately wounded)
The blast of sand misses Crazy Yiuf.
b - a stone Crazy Yiuf barely misses you.
You now have 1/7 mp.
Casting: Sandblast (safe; 1% risk of failure)
Confirm with . or Enter, or press ? or * to list all spells.
Aiming: Sandblast (safe; 1% risk of failure)
Press: ? - help, Shift-Dir - straight line, f/p - Crazy Yiuf
Aim: Crazy Yiuf, wielding a +4 quarterstaff of chaos and wearing a +0 cloak (moderately wounded)
The blast of sand hits Crazy Yiuf!
Crazy Yiuf is severely wounded.
You now have no stones remaining.
Crazy Yiuf cries, "Prologue forty-two noodlescoop!"
Crazy Yiuf hits you with a +4 quarterstaff of chaos!
* * * LOW HITPOINT WARNING * * *
Crazy Yiuf burns you.
You take 9 damage, and have 8/42 hp.
MASSIVE DAMAGE!!
You now have 0/7 mp.
Crazy Yiuf drinks a potion.
Crazy Yiuf is healed!
It was a potion of stabbing.
You feel ready to backstab.
You barely miss Crazy Yiuf.
Crazy Yiuf is heavily wounded.
Crazy Yiuf closely misses you.
You hit Crazy Yiuf but do no damage.
Crazy Yiuf is heavily wounded.
Crazy Yiuf completely misses you. Crazy Yiuf misses you.
Okay, then.
You fail to use your ability.
You feel much better. Crazy Yiuf closely misses you.
You regained 17 hp, and now have 25/42 hp.
You barely miss Crazy Yiuf.
Crazy Yiuf is heavily wounded.
Crazy Yiuf closely misses you. Crazy Yiuf barely misses you.
You hit Crazy Yiuf.
Crazy Yiuf is heavily wounded.
Crazy Yiuf hits you with a +4 quarterstaff of chaos!
You are poisoned.
You take 8 damage, and have 17/42 hp.
You hit Crazy Yiuf.
Crazy Yiuf is heavily wounded.
Crazy Yiuf yells, "Cholesterol snockshim fast!"
Crazy Yiuf hits you with a +4 quarterstaff of chaos!
* * * LOW HITPOINT WARNING * * *
You feel your power leaking away.
You take 6 damage, and have 11/42 hp.
You now have 0/7 mp.
You hit Crazy Yiuf.
Crazy Yiuf is severely wounded.
Crazy Yiuf hits you with a +4 quarterstaff of chaos!
* * * LOW HITPOINT WARNING * * *
Crazy Yiuf freezes you.
You take 7 damage, and have 4/42 hp.
Okay, then.
You feel much better.
Crazy Yiuf screams, "Dawk sizzlefizz shoe!"
Crazy Yiuf hits you with a +4 quarterstaff of chaos.
Crazy Yiuf burns you.
You regained 17 hp, and now have 21/42 hp.
You hit Crazy Yiuf.
Crazy Yiuf is almost dead.
Crazy Yiuf hits you with a +4 quarterstaff of chaos.
You take 3 damage, and have 18/42 hp.
You closely miss Crazy Yiuf.
Crazy Yiuf is almost dead.
Crazy Yiuf hits you with a +4 quarterstaff of chaos.
Space warps horribly around you!!
* * * LOW HITPOINT WARNING * * *
You take 17 damage, and have 1/42 hp.
MASSIVE DAMAGE!!
You feel much better. Crazy Yiuf barely misses you.
You regained 24 hp, and now have 25/42 hp.
You hit Crazy Yiuf.
Crazy Yiuf is almost dead.
Crazy Yiuf hits you with a +4 quarterstaff of chaos!
You suddenly lose the ability to move!
Crazy Yiuf hits you with a +4 quarterstaff of chaos!!
You die...

, *, #### ##+ * ,
#... * ##... * * #.##
##....# * #.##
##.....# #.## *
#......##♣♣♣♣♣ #.##
+..........♣.♣♣♣**###
#...
#........@g.♣.g♣#...#
#)##
#.........♣♣♣♣.'...#
#... ##.......♣♣
♣♣#..)# #### ,
##...##♣♣ ### # *
##'## # * #.# # ###.#
### # ##.#.## #.#
#.....#########.#


You could see Crazy Yiuf.

Vanquished Creatures
  Sigmund (D:2)
  Terence (D:2)
  2 adders (D:2)
  A worm (D:2)
  4 dart slugs (D:1)
  3 leopard geckos
  3 bats (D:1)
  2 jackals (D:2)
  3 kobolds (D:2)
  A ball python (D:1)
  2 frilled lizards (D:1)
  4 goblins
  3 rats
30 creatures vanquished.

Notes
Turn   | Place    | Note
-------+----------+-------------------------------------------
     0 | D:1      | Irenicus the Deep Dwarf Earth Elementalist began the quest
                  | for the Orb.
     0 | D:1      | Reached XP level 1. HP: 15/15 MP: 3/3
   207 | D:1      | Reached XP level 2. HP: 22/22 MP: 2/4
   232 | D:1      | Reached skill level 5 in Earth Magic
   324 | D:2      | Reached XP level 3. HP: 20/28 MP: 1/5
   430 | D:2      | Noticed Terence
   452 | D:2      | Reached skill level 6 in Earth Magic
   501 | D:2      | HP: 7/28 [Terence/+0 hand axe (6)]
   542 | D:2      | Killed Terence
   542 | D:2      | Reached XP level 4. HP: 35/36 MP: 0/6
   627 | D:2      | Noticed Sigmund
   638 | D:2      | Killed Sigmund
   638 | D:2      | Reached skill level 8 in Earth Magic
   638 | D:2      | Reached XP level 5. HP: 18/42 MP: 0/7
   717 | D:2      | Found a runed translucent door.
   718 | D:2      | Noticed Crazy Yiuf
   725 | D:2      | HP: 8/42 [Crazy Yiuf/+4 quarterstaff of chaos (9)]
   740 | D:2      | HP: 4/42 [Crazy Yiuf/+4 quarterstaff of chaos (7)]
   743 | D:2      | HP: 1/42 [Crazy Yiuf/+4 quarterstaff of chaos (16)]
   745 | D:2      | Paralysed by Crazy Yiuf for 5 turns
   746 | D:2      | Slain by Crazy Yiuf

Illustrated notes

Levels and vault maps discovered:
D:1:      minmay_arrival_floating_metal, layout_rooms, minmay_hedge_maze,
          nrook_loot_triangle, columned_hall_lemuel, st_stairs_5
D:2:      layout_loops_corners, bloody_trog, uniq_sigmund,
          uniq_crazy_yiuf_cottage, uniq_terence, uniq_robin

Skill      XL: |  1  2  3  4 |
---------------+-------------+-----
Earth Magic    | 5 6 8 |  8.7
Dodging        | |  2.1
Stealth        | |  2.4
Spellcasting   | |  1.7
Transmutations | |  0.8

Action                   |  1- 3 |  4- 6 || total
-------------------------+-------+-------++-------
Melee: Unarmed           |     1 |       ||     1
       Club              |    44 |    12 ||    56
 Cast: Sandblast         |    32 |    17 ||    49
 Abil: Heal Wounds       |       |     3 ||     3
  Use: Potion            |     5 |     1 ||     6
 Stab: Sleeping          |     1 |       ||     1
Armor: Robe              |     3 |     2 ||     5
       Skin              |    12 |       ||    12
Dodge: Dodged            |    34 |    14 ||    48

Table legend: (Time is in decaauts)
 A = Elapsed time spent in this place.
 B = Non-inter-level travel time spent in this place.
 C = Inter-level travel time spent in this place.
 D = Time resting spent in this place.
 E = Time spent auto-exploring this place.
 F = Levels seen in this place.
 G = Mean time per level.
                   A        B        C        D        E       F      G
               +--------+--------+--------+--------+--------+-----+--------+
         Total |    767 |    767 |      0 |     19 |      0 |   2 |  383.5 |
       Dungeon |    767 |    767 |      0 |     19 |      0 |   2 |  383.5 |
               +--------+--------+--------+--------+--------+-----+--------+

Top non-repeatable levels by time:
     D:2: 444 daAuts
     D:1: 323 daAuts

Table legend:
 A = Kills in this place as a percentage of kills in entire the game.
 B = Kills by you in this place as a percentage of kills by you in the entire game.
 C = Kills by friends in this place as a percentage of kills by friends in the entire game.
 D = Other kills in this place as a percentage of other kills in the entire game.
 E = Experience gained in this place as a percentage of experience gained in the entire game.
 F = Experience gained in this place divided by the number of levels of this place that you have seen.
                   A       B       C       D       E      F
               +-------+-------+-------+-------+-------+----------------------
         Total | 100.0 | 100.0 |   N/A |   N/A | 100.0 | 171.0
       Dungeon | 100.0 | 100.0 |   N/A |   N/A | 100.0 | 171.0
               +-------+-------+-------+-------+-------+----------------------
